[Event "Team 45 45 League T46"]
[Site "Internet Chess Club"]
[Date "2010.09.11"]
[Round "6"]
[White "Ptzz"]
[Black "RedAttack"]
[Result "1-0"]
[WhiteElo "2089"]
[BlackElo "2007"]
[Opening "English opening"]
[ECO "A20"]
[Time "09:05:03"]
[TimeControl "2700+45"]

1. c4 e5 2. g3 Nf6 3. Bg2 Nc6 4. Nc3 Be7 5. d3 O-O 6. Nf3 d6 7. O-O Bg4 8. Rb1
Qd7 9. b4 Bh3 10. Bg5 Bxg2 11. Kxg2 h6 12. Bxf6 Bxf6 13. Nd5 Be7 14. Qa4 f5 15.
b5 Nd4 16. Nxd4 exd4 17. Rbe1 Bf6 18. e3 dxe3 19. Nxf6+ Rxf6 20. Rxe3 f4 21.
gxf4 Qg4+ 22. Rg3 Qxf4 23. Qa5 b6 24. Qe1 Raf8 25. Qe3 Kh7 26. Qxf4 Rxf4 27. Re3
R8f7 28. f3 g5 29. h3 Kg7 30. Rfe1 h5 31. Kg3 h4+ 32. Kg2 R4f5 33. Rc1 Kf6 34.
d4 Rf4 35. Re4 Kg6 36. Rc3 Kf5 37. Rce3 Kg6 38. Rxf4 Rxf4 39. Re4 Rf5 40. Re7
Rf7 41. Rxf7 Kxf7 42. Kf2 Ke6 43. Ke3 d5 44. cxd5+ Kxd5 45. Kd3 c5 46. bxc6 Kxc6
47. Ke4 a5 48. Ke5 b5 49. Ke6 b4 50. d5+ Kc7 51. Ke7 a4 52. d6+ Kc6 53. d7 b3
54. axb3 axb3 55. d8=Q Kc5 56. Qd2 {Black resigns} 1-0

[Event "Team 45 45 League T46"]
[Site "Internet Chess Club"]
[Date "2010.09.11"]
[Round "6"]
[White "xakelari"]
[Black "Zumbi"]
[Result "1-0"]
[WhiteElo "2064"]
[BlackElo "2005"]
[Opening "Alekhine's defense: Scandinavian variation"]
[ECO "B02"]
[Time "10:15:21"]
[TimeControl "2700+45"]

1. e4 Nf6 2. Nc3 d5 3. exd5 Nxd5 4. Bc4 Nb6 5. Bb3 Nc6 6. Qf3 e6 7. Nge2 g6 8.
d3 Bg7 9. Bf4 O-O 10. Qg3 e5 11. Bg5 Qd7 12. Ne4 Qg4 13. Nf6+ Bxf6 14. Bxf6 Qxg3
15. hxg3 Nd7 16. Bg5 Nc5 17. Bc4 Be6 18. Bxe6 Nxe6 19. Bf6 Nc5 20. O-O-O Nd7 21.
Bg5 f6 22. Be3 Nb6 23. Bc5 Rfd8 24. d4 Na4 25. b3 Nxc5 26. dxc5 Rxd1+ 27. Rxd1
Rd8 28. Nc3 Nd4 29. Kb2 a6 30. Ne4 Kg7 31. b4 h6 32. c3 Ne6 33. Rxd8 Nxd8 34. a4
f5 35. Nd2 Kf6 36. Nc4 Ke6 37. Kc2 g5 38. Kd3 h5 39. Na5 h4 40. gxh4 gxh4 41. c4
Kf6 42. b5 Ke6 43. c6 axb5 44. cxb7 bxc4+ 45. Kxc4 Nxb7 46. Nxb7 f4 47. f3 Kd7
48. Kd5 {Black resigns} 1-0

[Event "Team 45 45 League T46"]
[Site "Internet Chess Club"]
[Date "2010.09.16"]
[Round "6"]
[White "Chatica"]
[Black "zeigmata"]
[Result "0-1"]
[WhiteElo "2054"]
[BlackElo "2334"]
[Opening "Center game: Paulsen attack"]
[ECO "C22"]
[Time "16:32:03"]
[TimeControl "2700+45"]

1. e4 e5 2. d4 exd4 3. Qxd4 Nc6 4. Qe3 d6 5. Nc3 Nf6 6. Bd2 g6 7. O-O-O Bg7 8.
f4 O-O 9. Nf3 Re8 10. Bc4 Be6 11. Bxe6 Rxe6 12. Qd3 Nb4 13. Qc4 a5 14. a3 d5 15.
Qb3 c5 16. exd5 Nbxd5 17. Ng5 Re7 18. Rhe1 Rd7 19. f5 Ng4 20. Nxd5 Rxd5 21. Nxf7
Qd7 22. fxg6 hxg6 23. Ng5 Nf2 24. Bf4 Nxd1 25. Rxd1 Rd8 26. g4 a4 27. Qa2 b5 28.
Qxd5+ Qxd5 29. Rxd5 Rxd5 30. Nf3 b4 31. h3 bxa3 32. bxa3 c4 33. Ne1 c3 34. Nd3
Bf8 35. Be5 Bxa3+ 36. Kb1 Rb5+ 37. Ka2 Bb4 38. Nxb4 Rxe5 39. h4 Re4 40. Nd5 Rd4
41. Nxc3 Rxg4 42. Ka3 Rxh4 43. Nxa4 g5 44. Nc3 Rh3 45. Kb4 g4 46. Ne4 g3 47.
Nxg3 Rxg3 48. c4 Kf7 49. Kb5 Ke7 50. Kb6 Kd8 {White resigns} 0-1

[Event "Team 45 45 League T46"]
[Site "Internet Chess Club"]
[Date "2010.09.11"]
[Round "6"]
[White "pentti63"]
[Black "Matusalen"]
[Result "1/2-1/2"]
[WhiteElo "2278"]
[BlackElo "2090"]
[Opening "QGA: classical variation"]
[ECO "D26"]
[Time "12:00:49"]
[TimeControl "2700+45"]

1. d4 d5 2. Nf3 Nf6 3. c4 dxc4 4. e3 e6 5. Bxc4 c5 6. Qe2 a6 7. dxc5 Bxc5 8. O-O
Nc6 9. e4 b5 10. Bb3 Nd4 11. Nxd4 Qxd4 12. Be3 Qe5 13. Bxc5 Qxc5 14. Nc3 Bb7 15.
Rad1 O-O 16. e5 Nd5 17. Nxd5 Bxd5 18. Bxd5 exd5 19. Rc1 Qe7 20. Qe3 Rac8 21. Qd4
Qe6 22. b3 Rc6 23. Rxc6 Qxc6 24. f4 f6 25. exf6 {Game drawn by mutual agreement}
1/2-1/2

[Event "Team 45 45 League T46"]
[Site "Internet Chess Club"]
[Date "2010.09.12"]
[Round "6"]
[White "easycure"]
[Black "vnchess"]
[Result "1-0"]
[WhiteElo "2337"]
[BlackElo "2186"]
[Opening "King's Indian: orthodox, Aronin-Taimanov, bayonet attack"]
[ECO "E97"]
[Time "21:06:10"]
[TimeControl "2700+45"]

1. d4 Nf6 2. c4 g6 3. Nc3 Bg7 4. e4 d6 5. Nf3 O-O 6. Be2 e5 7. O-O Nc6 8. d5 Ne7
9. b4 Nd7 10. a4 f5 11. Ng5 Nf6 12. Bf3 fxe4 13. Ngxe4 Nf5 14. Nxf6+ Bxf6 15.
Bg4 h5 16. Bh3 Nd4 17. Bxc8 Qxc8 18. Ne4 Qf5 19. Re1 Bh4 20. Ra2 a5 21. Ba3 b6
22. bxa5 Rxa5 23. Bb4 Raa8 24. Bc3 Bf6 25. f3 Bh4 26. Rf1 Bf6 27. a5 bxa5 28.
Rxa5 Bg7 29. Qd3 Rxa5 30. Bxa5 Ra8 31. Bxc7 Ra2 32. Qb1 Rc2 33. Bb6 Rxc4 34.
Nxd6 Qxb1 35. Rxb1 Ra4 36. Ne4 Bf8 37. Bxd4 Rxd4 38. Rb7 Ba3 39. Rd7 Kf8 40. Kf2
Ke8 41. Rg7 Rxd5 42. Rxg6 Be7 43. Nf6+ Kf7 44. Nxd5 Bc5+ 45. Ne3 Kxg6 46. Ke2 h4
47. Kd3 Kf6 48. Ke4 Ke6 49. Ng4 Bd6 50. h3 Bc7 51. Nh6 Bd8 52. Nf5 Bg5 53. Ng7+
Kf6 54. Ne8+ Ke6 55. Nc7+ Kf6 56. Nd5+ Ke6 57. Nb4 Bf4 58. Nd3 Bg3 59. f4 exf4
60. Nxf4+ Kf7 61. Kf5 Bf2 62. Ng6 Be3 63. Nxh4 {Black resigns} 1-0

[Event "Team 45 45 League T46"]
[Site "Internet Chess Club"]
[Date "2010.09.12"]
[Round "6"]
[White "akdog3"]
[Black "technika"]
[Result "1/2-1/2"]
[WhiteElo "2229"]
[BlackElo "2083"]
[Opening "Queen's Indian: 4.e3"]
[ECO "E14"]
[Time "14:05:16"]
[TimeControl "2700+45"]

1. d4 Nf6 2. c4 e6 3. Nf3 b6 4. e3 Bb7 5. Bd3 d5 6. cxd5 exd5 7. Nc3 Bd6 8. O-O
O-O 9. b3 a6 10. Bb2 Nbd7 11. Rc1 Ne4 12. Ne2 Qe7 13. Qc2 Rac8 14. Ng3 f5 15.
Qe2 Ra8 16. Rc2 c6 17. Rfc1 Rf6 18. Nd2 a5 19. Ndf1 Raf8 20. f3 Nxg3 21. hxg3
Nb8 {Game drawn by mutual agreement} 1/2-1/2

[Event "Team 45 45 League T46"]
[Site "Internet Chess Club"]
[Date "2010.09.12"]
[Round "6"]
[White "jorobo"]
[Black "SlimeDog2"]
[Result "1/2-1/2"]
[WhiteElo "2108"]
[BlackElo "2143"]
[Opening "Grünfeld defense"]
[ECO "D80"]
[Time "23:45:15"]
[TimeControl "2700+45"]

1. c4 Nf6 2. Nc3 d5 3. d4 g6 4. e3 Bg7 5. Qb3 dxc4 6. Bxc4 O-O 7. Nf3 c5 8. dxc5
Qa5 9. O-O Qxc5 10. e4 Nc6 11. Be3 Qa5 12. h3 Nd7 13. Rfd1 Nc5 14. Qc2 e6 15. a3
Nd7 16. b4 Qc7 17. Nb5 Qb8 18. Rac1 a5 19. Nd6 axb4 20. axb4 Nce5 21. Be2 Nxf3+
22. Bxf3 Ne5 {Game drawn by mutual agreement} 1/2-1/2

[Event "Team 45 45 League T46"]
[Site "Internet Chess Club"]
[Date "2010.09.12"]
[Round "6"]
[White "Guoruey"]
[Black "noHz"]
[Result "0-1"]
[WhiteElo "1892"]
[BlackElo "2110"]
[Opening "QGD Slav: Slav gambit"]
[ECO "D15"]
[Time "14:01:09"]
[TimeControl "2700+45"]

1. c4 c6 2. Nc3 d5 3. d4 Nf6 4. Nf3 dxc4 5. e4 b5 6. a4 b4 7. e5 Nd5 8. Ne4 Bf5
9. Ng3 Bg4 10. Bxc4 e6 11. O-O Nd7 12. h3 Bxf3 13. Qxf3 a5 14. Ne4 Be7 15. Bg5
O-O 16. Bxe7 Qxe7 17. Rfc1 Rfd8 18. Bd3 Rac8 19. Nd6 Rc7 20. Rc2 f6 21. Rac1
fxe5 22. dxe5 Nxe5 {White resigns} 0-1

[Event "Team 45 45 League T46"]
[Site "Internet Chess Club"]
[Date "2010.09.12"]
[Round "6"]
[White "Vaigpertu"]
[Black "Uwak"]
[Result "0-1"]
[WhiteElo "2295"]
[BlackElo "2464"]
[Opening "King's Indian: Averbakh, 6...c5"]
[ECO "E74"]
[Time "12:06:25"]
[TimeControl "2700+45"]

1. d4 Nf6 2. c4 g6 3. Nc3 Bg7 4. e4 d6 5. Be2 O-O 6. Bg5 c5 7. dxc5 Qa5 8. Bd2
Qxc5 9. Nf3 Be6 10. Be3 Qa5 11. O-O Rc8 12. Rc1 Nbd7 13. b3 Nc5 14. Nd4 Bd7 15.
Qc2 a6 16. Nd5 Qd8 17. Nxf6+ Bxf6 18. Rfd1 e5 19. Nf3 Qe7 20. Bxc5 dxc5 21. Nd2
Bg5 22. Ra1 Bxd2 23. Qxd2 Bc6 24. Qe3 Rd8 25. Rxd8+ Rxd8 26. Rd1 Rd4 27. f3 Qd8
28. Rxd4 exd4 29. Qd2 Qd6 30. Bd3 Kg7 31. Qg5 f6 32. Qd2 g5 33. g3 b6 34. f4 h6
35. Qe2 Qe7 36. e5 Qe6 37. Be4 Bxe4 38. Qxe4 gxf4 39. exf6+ Qxf6 40. Qb7+ Kg6
41. gxf4 Kf5 42. Qf3 Qg6+ 43. Kf2 Qg4 44. Qd5+ Kxf4 45. Qd6+ Ke4 46. Qxb6 Qf3+
47. Kg1 d3 48. Qc6+ Ke3 49. Qxc5+ Ke2 {White resigns} 0-1

[Event "Team 45 45 League T46"]
[Site "Internet Chess Club"]
[Date "2010.09.13"]
[Round "6"]
[White "searchforbobby1"]
[Black "instinct"]
[Result "1-0"]
[WhiteElo "2234"]
[BlackElo "2169"]
[Opening "English: Anglo-Grünfeld, Czech defense"]
[ECO "A16"]
[Time "22:05:09"]
[TimeControl "2700+45"]

1. c4 Nf6 2. Nc3 d5 3. cxd5 Nxd5 4. g3 g6 5. Bg2 Nb6 6. d3 Bg7 7. Be3 O-O 8. Qd2
Re8 9. Bh6 Bh8 10. h4 N8d7 11. h5 Nf6 12. hxg6 fxg6 13. Nf3 c5 14. Rd1 e5 15.
Ng5 Qe7 16. Nge4 Bf5 17. Bg5 Rad8 18. Nxf6+ Bxf6 19. Bxf6 Qxf6 20. Bxb7 c4 21.
Qh6 Qf7 22. Be4 cxd3 23. Bxf5 gxf5 24. Rxd3 Rxd3 25. exd3 Nd7 26. Qh5 Qg6 27.
Nd5 Kg7 28. Ne3 f4 29. Nf5+ Kf6 30. Nd6 Re6 31. Ne4+ Kg7 32. Qxh7+ Qxh7 33.
Rxh7+ Kxh7 34. Ng5+ Kg6 35. Nxe6 fxg3 36. fxg3 Kf5 37. Nd8 Nc5 38. Kd2 e4 39.
dxe4+ Nxe4+ 40. Kd3 Nxg3 41. Nc6 a6 42. Nb4 Ke5 43. Nxa6 Kd5 44. b4 Nf5 45. a4
Nd6 46. Nc7+ Kc6 47. Ne6 Kd5 48. Nf4+ Kc6 49. Ne2 Nb7 50. Nc3 Kb6 51. Ne4 Kc6
52. Kc4 Kb6 53. Kd5 Nd8 54. Nd6 Nc6 55. Nc4+ Kc7 56. Kc5 Nd8 57. Kd5 Nc6 58. Kc5
Nd8 59. b5 Ne6+ 60. Kb4 Kb7 61. a5 Nd4 62. Nd2 Kc7 63. Ne4 Kb7 64. Kc4 Nf3 65.
Nc5+ Kb8 66. b6 Ne5+ 67. Kd5 Ng6 68. Kd6 Nh8 69. Nd7+ Kb7 70. Ne5 {Black
resigns} 1-0

[Event "Team 45 45 League T46"]
[Site "Internet Chess Club"]
[Date "2010.09.15"]
[Round "6"]
[White "Bort"]
[Black "MikeA"]
[Result "1/2-1/2"]
[WhiteElo "2036"]
[BlackElo "2126"]
[Opening "QGD semi-Slav: Stoltz variation"]
[ECO "D45"]
[Time "20:00:09"]
[TimeControl "2700+45"]

1. d4 d5 2. c4 c6 3. Nc3 Nf6 4. e3 e6 5. Nf3 Nbd7 6. Qc2 Bd6 7. g4 h6 8. Bd2 O-O
9. Rg1 e5 10. cxd5 cxd5 11. dxe5 Nxe5 12. Nxe5 Bxe5 13. g5 hxg5 14. Rxg5 Re8 15.
Bb5 Bd7 16. Bxd7 Qxd7 17. O-O-O Rac8 18. f4 Bxc3 19. Bxc3 Rxe3 20. Kb1 Ne4 21.
Rxg7+ Kf8 22. Qg2 Rexc3 23. bxc3 Nxc3+ 24. Ka1 Nxd1 25. Rg8+ Ke7 26. Qe2+ Kd6
27. Rxc8 Qxc8 28. Qxd1 Qh8+ 29. Kb1 Qxh2 30. Qd4 Qh7+ 31. Kb2 Qe4 32. Qxa7 Qb4+
33. Ka1 d4 34. Qb8+ Kd5 35. Qe5+ Kc4 36. f5 {Game drawn by mutual agreement}
1/2-1/2

[Event "Team 45 45 League T46"]
[Site "Internet Chess Club"]
[Date "2010.09.11"]
[Round "6"]
[White "screamingeagle"]
[Black "LucaTrapani"]
[Result "0-1"]
[WhiteElo "1979"]
[BlackElo "1972"]
[Opening "French: Winawer, advance variation"]
[ECO "C16"]
[Time "21:00:05"]
[TimeControl "2700+45"]

1. e4 e6 2. d4 d5 3. Nc3 Bb4 4. e5 b6 5. Qg4 Bf8 6. Bb5+ Bd7 7. Be2 Bc8 8. f3
Qd7 9. Nh3 Nc6 10. a3 Bb7 11. Be3 O-O-O 12. b4 Nge7 13. Bf2 Nf5 14. O-O f6 15.
exf6 gxf6 16. Bd3 h5 17. Qg6 Rh6 18. Bxf5 Rxg6 19. Bxg6 Bd6 20. Rfe1 Rh8 21. Re2
Qg7 22. Bd3 Rg8 23. g3 Kb8 24. Nb5 e5 25. Nxd6 cxd6 26. Rae1 Bc8 27. Kg2 h4 28.
b5 hxg3 29. Bxg3 Nxd4 30. Rf2 f5 31. c3 f4 {White resigns} 0-1

[Event "Team 45 45 League T46"]
[Site "Internet Chess Club"]
[Date "2010.09.10"]
[Round "6"]
[White "TerryMalloy"]
[Black "chiiwen"]
[Result "0-1"]
[WhiteElo "2026"]
[BlackElo "2113"]
[Opening "Sicilian: Smith-Morra gambit"]
[ECO "B21"]
[Time "20:00:40"]
[TimeControl "2700+45"]

1. e4 c5 2. d4 cxd4 3. c3 Nf6 4. e5 Nd5 5. Nf3 e6 6. Bc4 Nb6 7. Bb3 dxc3 8. Nxc3
d5 9. exd6 Qxd6 10. Qe2 Bd7 11. Be3 Be7 12. Rd1 Qc7 13. Rc1 Bc6 14. O-O N8d7 15.
Nb5 Qd8 16. Nfd4 Bxb5 17. Qxb5 O-O 18. Nxe6 fxe6 19. Bxe6+ Kh8 20. Rfd1 a6 21.
Qb3 Bg5 22. Rxd7 Nxd7 23. Rd1 Bxe3 24. fxe3 Qf6 {White resigns} 0-1

[Event "Team 45 45 League T46"]
[Site "Internet Chess Club"]
[Date "2010.09.11"]
[Round "6"]
[White "egyptiantiger"]
[Black "Merciful"]
[Result "1-0"]
[WhiteElo "2132"]
[BlackElo "1991"]
[Opening "Queen's pawn game"]
[ECO "D02"]
[Time "15:08:26"]
[TimeControl "2700+45"]

1. d4 d5 2. Nf3 c6 3. g3 Nf6 4. Bg2 Bf5 5. c4 e6 6. O-O Nbd7 7. Nc3 h6 8. b3 Bd6
9. Bb2 Ne4 10. Nd2 Nxc3 11. Bxc3 Qe7 12. e4 dxe4 13. Nxe4 Bxe4 14. Bxe4 Bb4 15.
Bb2 Nf6 16. Bg2 Ba3 17. Bc3 Bb4 18. Rc1 O-O 19. Qe2 Bxc3 20. Rxc3 Rad8 21. Rd1
Rd7 22. Rcd3 Rfd8 23. h3 Qb4 24. f4 Qb6 25. Qe3 a5 26. g4 a4 27. g5 hxg5 28.
fxg5 Nh5 29. g6 fxg6 30. Qxe6+ Kh7 31. Qg4 Nf6 32. Qh4+ Kg8 33. Kh1 axb3 34.
axb3 g5 35. Qxg5 Rxd4 36. Bd5+ R8xd5 37. cxd5 Ne4 38. Qe3 Rxd3 39. Qxb6 Rxd1+
40. Kg2 Rxd5 41. Qxb7 Rd2+ 42. Kf3 Nf6 43. Qxc6 Rd3+ 44. Ke2 Rd7 45. b4 Re7+ 46.
Kd1 Rd7+ 47. Kc2 Re7 48. b5 Re2+ 49. Kd3 Rh2 50. Qe6+ Kh7 51. b6 Rb2 52. h4 Rb5
53. Kc4 Rh5 54. b7 Rxh4+ 55. Kb5 Rh5+ 56. Ka6 Nd5 57. Qe4+ Kh6 58. b8=Q Nf6 59.
Qh8+ Kg5 60. Qxg7# {Black checkmated} 1-0

[Event "Team 45 45 League T46"]
[Site "Internet Chess Club"]
[Date "2010.09.12"]
[Round "6"]
[White "chess9793"]
[Black "mcplayerus"]
[Result "1/2-1/2"]
[WhiteElo "2037"]
[BlackElo "2111"]
[Opening "Sicilian defense"]
[ECO "B41"]
[Time "15:00:39"]
[TimeControl "2700+45"]

1. e4 c5 2. Nf3 e6 3. d4 cxd4 4. Nxd4 Qc7 5. Nc3 a6 6. Bd3 Nf6 7. O-O Nc6 8. Be3
Bb4 9. Nxc6 Bxc3 10. bxc3 dxc6 11. f4 c5 12. c4 e5 13. f5 Bd7 14. Qe2 Qd6 15.
Rab1 Bc6 16. Rfd1 Qe7 17. Bf2 Rd8 18. Qe3 Nd7 19. Be1 O-O 20. Ba5 Rc8 21. c3
Rfe8 22. Bc2 h6 23. Rd2 Qg5 24. Qxg5 hxg5 25. Kf2 Re7 26. Ke3 Kh7 27. g4 Kh6 28.
Rd6+ f6 29. Kf3 Kh7 30. Kg3 Kg8 31. a4 Kf7 32. Bb6 Nxb6 33. Rxb6 Rcc7 34. Rb1
Rcd7 35. Rbd1 Rxd6 36. Rxd6 Rd7 37. Rxd7+ Bxd7 38. h4 Ke7 39. hxg5 fxg5 40. Kf2
Kd6 41. Ke2 Kc7 42. a5 b6 43. axb6+ Kxb6 44. Kd2 Ka5 45. Kc1 Bc6 46. Kb2 Kb6 47.
Kb1 Kc7 48. Kc1 Kd6 49. Kd2 Ke7 50. Ke3 Kf6 51. Kd2 g6 52. fxg6 Kxg6 53. Kc1 Kf6
54. Kb2 Ke7 55. Ka3 Kd6 56. Kb2 Kc7 57. Ka3 Kb6 58. Kb2 Be8 59. Ka3 Ka5 60. Kb2
Bf7 61. Bd3 Be6 62. Be2 Bd7 63. Bd1 Bc6 64. Bc2 Bb7 65. Ka3 Bc8 {Game drawn by
mutual agreement} 1/2-1/2

[Event "Team 45 45 League T46"]
[Site "Internet Chess Club"]
[Date "2010.09.11"]
[Round "6"]
[White "vaknight"]
[Black "b-spot"]
[Result "1-0"]
[WhiteElo "1740"]
[BlackElo "1752"]
[Opening "Bird's opening"]
[ECO "A03"]
[Time "22:00:05"]
[TimeControl "2700+45"]

1. f4 d5 2. b3 c5 3. Bb2 Nc6 4. Nf3 Bg4 5. e3 e6 6. Be2 Nf6 7. O-O Be7 8. d3 O-O
9. Nbd2 b5 10. h3 Bh5 11. a3 Re8 12. Qe1 Bg6 13. Nh4 d4 14. e4 Nh5 15. Nxg6 hxg6
16. g3 Kh7 17. Nf3 Rh8 18. Bc1 Kg8 19. e5 g5 20. fxg5 g6 21. g4 Ng7 22. h4 Qd5
23. Qg3 Bd8 24. Bf4 Bb6 25. Nd2 Rc8 26. Bf3 Qd7 27. Ne4 Ne8 28. Kg2 c4 29. Rh1
cxb3 30. cxb3 Na5 31. b4 Rc2+ 32. Kh3 Nc6 33. Rhc1 Rxc1 34. Rxc1 Ne7 35. Nd6
Nxd6 36. exd6 Nd5 37. Bxd5 exd5 38. Be5 Rh7 39. Qf3 Bd8 40. Kg3 Qe6 41. Qf4 Qd7
42. Bxd4 {Black resigns} 1-0

[Event "Team 45 45 League T46"]
[Site "Internet Chess Club"]
[Date "2010.09.12"]
[Round "6"]
[White "GadsHill"]
[Black "CheeryCherry"]
[Result "1/2-1/2"]
[WhiteElo "1541"]
[BlackElo "1536"]
[Opening "QGD: Tarrasch, Stoltz variation"]
[ECO "D34"]
[Time "09:35:58"]
[TimeControl "2700+45"]

1. d4 d5 2. c4 e6 3. Nc3 c5 4. cxd5 exd5 5. Nf3 Nc6 6. g3 Nf6 7. Bg2 Be7 8. O-O
O-O 9. Bg5 Be6 10. Rc1 b6 11. Ne5 Rc8 12. Nxc6 Rxc6 13. Qa4 Qd7 14. b3 Rfc8 15.
Nb5 a5 16. dxc5 Rxc5 17. Rxc5 Rxc5 18. Nd4 Qc8 19. Nxe6 fxe6 20. Rd1 h6 21. Be3
Rc6 22. Qb5 Qc7 23. Bf4 Qb7 24. Bh3 Kf7 25. Bg2 Rc5 26. Qd3 g5 27. Be5 Kg7 28.
Bd4 Rc6 29. e4 Qd7 30. Bxf6+ Bxf6 31. exd5 Rd6 32. Qc4 exd5 33. Bxd5 b5 34. Qc5
a4 35. bxa4 bxa4 36. Qc4 a3 37. Qe4 Qb5 38. Qf3 {Game drawn by mutual agreement}
1/2-1/2

[Event "Team 45 45 League T46"]
[Site "Internet Chess Club"]
[Date "2010.09.12"]
[Round "6"]
[White "UsuallySleepy"]
[Black "alaskauk"]
[Result "1-0"]
[WhiteElo "1802"]
[BlackElo "1516"]
[Opening "Robatsch defense: two knights, Suttles variation"]
[ECO "B11"]
[Time "09:00:30"]
[TimeControl "2700+45"]

1. e4 c6 2. Nc3 g6 3. d4 Bg7 4. Nf3 d6 5. Bc4 h6 6. O-O Qb6 7. h3 e5 8. dxe5
dxe5 9. Bb3 Qc7 10. Be3 Bd7 11. Qd2 Be6 12. Rfd1 Bf8 13. Nxe5 Be7 14. Nxg6 Rh7
15. Nxe7 Nxe7 16. Bxh6 Qc8 17. Bxe6 fxe6 18. Bf4 Nd7 19. Bd6 a5 20. Qg5 Qd8 21.
Bxe7 Qxe7 22. Qxe7+ Kxe7 23. Rd4 Rg8 24. Rad1 Nc5 25. Na4 Rxh3 {Black resigns}
1-0

[Event "Team 45 45 League T46"]
[Site "Internet Chess Club"]
[Date "2010.09.11"]
[Round "6"]
[White "tightfist"]
[Black "Muravey"]
[Result "1/2-1/2"]
[WhiteElo "1556"]
[BlackElo "1588"]
[Opening "Polish (Sokolsky) opening"]
[ECO "A00"]
[Time "19:01:06"]
[TimeControl "2700+45"]

1. b4 e5 2. Bb2 Bxb4 3. Bxe5 Nf6 4. a3 Ba5 5. Bc3 Bb6 6. Nf3 O-O 7. e3 d5 8. Be2
Bf5 9. O-O c5 10. d3 Nc6 11. Nbd2 a5 12. Rb1 d4 13. exd4 cxd4 14. Ba1 Ra6 15.
Nc4 Re8 16. Nxb6 Rxb6 17. Rb3 Rxb3 18. cxb3 b5 19. Re1 h6 20. Qc2 Qd7 21. Qc5
Qd5 22. Bxd4 Nxd4 23. Qxd5 Nxd5 24. Nxd4 Bxd3 25. Kf1 Bxe2+ 26. Nxe2 Kf8 27. Rd1
Nc7 28. Rd7 Rc8 29. Nc3 Ke8 30. Rd3 b4 31. axb4 axb4 32. Na2 Rb8 33. Rd4 Na6 34.
Ke2 Nc5 35. Nxb4 Nxb3 36. Re4+ Kf8 37. f3 Nc5 38. Rc4 Re8+ 39. Kf2 Ne6 40. g3
Ke7 41. Nc6+ Kd6 42. Nb4 Rb8 43. f4 Nc5 44. Rxc5 Rxb4 45. Rc8 Ke6 46. Kg2 Kf5
47. Rc5+ Kg6 48. f5+ Kf6 49. Kf3 h5 50. h3 Kg5 51. f6+ Kxf6 52. Rxh5 g6 53. Rc5
Ke7 54. Rc7+ Kf8 55. h4 Kg7 56. g4 Kf6 57. Rc6+ Ke5 58. h5 Rb3+ 59. Kg2 gxh5 60.
gxh5 Kf5 61. h6 Rb4 62. Kg3 Rg4+ 63. Kh3 Rg8 64. h7 Rh8 65. Rh6 Kg5 66. Rh4 Kg6
67. Kg4 Rxh7 68. Rxh7 Kxh7 69. Kg5 Kg7 70. Kf5 f6 71. Kf4 Kf8 72. Kf3 Kf7 73.
Kf4 Kg7 74. Kf5 Kf7 75. Kf4 Ke6 76. Ke4 f5+ 77. Kf4 Kf6 78. Kf3 Kg6 79. Kg3 Kg5
80. Kf3 f4 81. Kf2 Kg4 82. Kg2 f3+ 83. Kf2 Kf4 84. Kf1 Ke4 85. Kf2 Kf4 86. Kf1
Kf5 87. Ke1 Kg4 88. Kf2 Kf4 89. Kf1 Ke3 90. Ke1 Kf4 91. Kf2 Kg4 92. Kf1 Kh3 93.
Kf2 Kg4 94. Kf1 Kg3 95. Kg1 Kf4 96. Kf2 Ke4 97. Kf1 Kd3 98. Kf2 Ke4 99. Kf1 Kf4
100. Kf2 Kg4 101. Kf1 Kg3 102. Kg1 Kf4 103. Kf2 Ke4 104. Kf1 Ke3 105. Ke1 Kf4
106. Kf2 Ke4 107. Kf1 Ke3 108. Ke1 Kd3 109. Kf2 Ke4 110. Kf1 Kf5 111. Kf2 Kf4
112. Kf1 Ke3 {Game drawn by repetition} 1/2-1/2

[Event "Team 45 45 League T46"]
[Site "Internet Chess Club"]
[Date "2010.09.09"]
[Round "6"]
[White "CREDITorDEBIT"]
[Black "Buford-Julep"]
[Result "1-0"]
[WhiteElo "1845"]
[BlackElo "1709"]
[Opening "French: Tarrasch, Guimard variation"]
[ECO "C04"]
[Time "18:05:02"]
[TimeControl "2700+45"]

1. e4 e6 2. d4 d5 3. Nd2 Nc6 4. c3 e5 5. Bb5 exd4 6. cxd4 Ne7 7. Ne2 a6 8. Ba4
Bd7 9. O-O dxe4 10. Nxe4 Nd5 11. Re1 Be7 12. Nf4 Nxf4 13. Bxf4 O-O 14. Rc1 Rc8
15. d5 Nb8 16. Bc2 Bb5 17. b3 Be8 18. Bb1 Nd7 19. d6 cxd6 20. Nxd6 Rxc1 21. Qxc1
Qb6 22. Rxe7 Nf6 23. Nxe8 Nxe8 24. Qc2 g6 25. Bh6 Ng7 26. Qc3 {Black resigns}
1-0

[Event "Team 45 45 League T46"]
[Site "Internet Chess Club"]
[Date "2010.09.13"]
[Round "6"]
[White "TheJaguar"]
[Black "achessfool"]
[Result "0-1"]
[WhiteElo "1498"]
[BlackElo "1511"]
[Opening "French: Steinitz, Boleslavsky variation"]
[ECO "C11"]
[Time "18:00:20"]
[TimeControl "2700+45"]

1. e4 e6 2. d4 d5 3. Nc3 Nf6 4. e5 Nfd7 5. f4 c5 6. Nf3 Nc6 7. Be3 Qb6 8. Rb1
cxd4 9. Bxd4 Nxd4 10. Nxd4 Bc5 11. Nce2 O-O 12. c3 f6 13. exf6 Nxf6 14. Ng3 Bxd4
15. Qxd4 Qxd4 16. cxd4 Ng4 17. Ne2 Bd7 18. g3 Bb5 19. Bh3 h5 20. Nc3 Bd7 21. O-O
Ne3 22. Bxe6+ Bxe6 23. Rfe1 Nf5 24. Rxe6 Nxd4 25. Rd6 Rad8 26. Rxd5 Rxd5 27.
Nxd5 Nf3+ 28. Kf2 Nxh2 29. Rh1 Ng4+ 30. Kf3 g6 31. Nc7 Rd8 32. Ke4 Nf2+ 33. Kf3
Nxh1 34. Kg2 Nxg3 {White resigns} 0-1

[Event "Team 45 45 League T46"]
[Site "Internet Chess Club"]
[Date "2010.09.10"]
[Round "6"]
[White "TheronUAL"]
[Black "seattleblues"]
[Result "1-0"]
[WhiteElo "1495"]
[BlackElo "1264"]
[Opening "French: advance, Euwe variation"]
[ECO "C02"]
[Time "22:05:36"]
[TimeControl "2700+45"]

1. e4 e6 2. d4 d5 3. e5 c5 4. c3 Nc6 5. Nf3 Bd7 6. Be3 Qb6 7. Qc1 Nh6 8. h3 Nf5
9. a3 cxd4 10. Nxd4 Ncxd4 11. cxd4 Nxe3 12. fxe3 Rc8 13. Nc3 Be7 14. Qd2 Bh4+
15. Kd1 O-O 16. Bd3 f5 17. a4 Be8 18. Nb5 Bxb5 19. Bxb5 Rc7 20. Ke2 a6 21. Bd3
Rcf7 22. Rhf1 Bg5 23. g3 Be7 24. a5 Qd8 25. b4 b6 26. Bxa6 bxa5 27. bxa5 Qa8 28.
Bd3 Bd8 29. a6 Bb6 30. Ra4 Rc7 31. Rb1 Rb8 32. Qb4 Rc6 33. Qe1 Bc7 34. Rxb8+
Bxb8 35. Qb4 Ba7 36. Qb7 Rc8 37. Qd7 Qc6 38. Qxc6 Rxc6 39. Rb4 Rc7 40. Rb7 Rxb7
41. axb7 Bb8 42. Bb5 Kf7 43. Bd7 Ke7 44. Bc8 Kd8 45. Kd3 Kc7 46. Kc3 Ba7 47. Kb4
Kb6 48. Bxe6 g6 49. Bxd5 Bb8 50. Bf3 Bc7 51. Kc4 Bb8 52. Kd5 Kxb7 53. Ke6+ Kc7
54. Kf7 {Black resigns} 1-0

[Event "Team 45 45 League T46"]
[Site "Internet Chess Club"]
[Date "2010.09.13"]
[Round "6"]
[White "SugarIslander"]
[Black "Ivio"]
[Result "1-0"]
[WhiteElo "1686"]
[BlackElo "1800"]
[Opening "QGD: Albin counter-gambit, Lasker trap"]
[ECO "D08"]
[Time "15:00:13"]
[TimeControl "2700+45"]

1. d4 d5 2. c4 e5 3. dxe5 d4 4. e3 Bb4+ 5. Bd2 dxe3 6. fxe3 Bxd2+ 7. Qxd2 Qh4+
8. Qf2 Qe7 9. Nf3 Nc6 10. Nc3 Nxe5 11. Nxe5 Qxe5 12. Be2 Nf6 13. O-O-O O-O 14.
h4 Ng4 15. Bxg4 Bxg4 16. Rd5 Qe7 17. h5 h6 18. Rd4 Be6 19. g4 Rad8 20. Nd5 Bxd5
21. cxd5 Qc5+ 22. Qc2 Rxd5 23. Rxd5 Qxd5 24. Rd1 Qg5 25. Qe4 c6 26. Rd7 Qb5 27.
Qe7 Qc4+ 28. Kd2 Qxg4 29. Rxb7 Qxh5 30. Rxa7 Qd5+ 31. Kc3 h5 32. a4 h4 33. Rd7
Qa5+ 34. b4 Qxa4 35. Rd8 Qa3+ 36. Kc2 Qa2+ 37. Kc3 Qa1+ 38. Kc2 Rxd8 39. Qxd8+
Kh7 40. Qxh4+ Kg6 41. Qe4+ Kg5 42. Qf4+ Kg6 43. Qe4+ Kh5 44. Qf3+ Kh4 45. Qf4+
Kh3 46. Qf3+ Kh2 47. Qf2+ Kh1 48. Qf3+ Kg1 49. Qg3+ Kf1 50. Qf3+ Kg1 51. Qg3+
Kh1 52. Qh3+ Kg1 53. Qg3+ Kf1 54. Qf3+ Kg1 55. Qg3+ Kh1 56. Qh3+ Kg1 57. Qg3+
Kf1 58. Qf3+ Kg1 59. Qg3+ Kh1 60. Qh3+ Kg1 61. Qg3+ Kf1 62. Qf3+ Kg1 63. Qg3+
Kh1 64. Qh3+ Kg1 65. Qg3+ Kf1 66. Qf3+ Kg1 67. Qg3+ Kh1 68. Qh3+ {Black resigns}
1-0